 Dungeon Sprint DCSS version 0.18.1-47-g9310371 (webtiles) character file.

567 rftp080 the Destroyer (level 7, -9/50 HPs)
             Began as a High Elf Air Elementalist on June 23, 2016.
             Was a Believer of Sif Muna.
             Mangled by a hill giant
             ... wielding a +0 giant club
              (34 damage)
             ... in the Dungeon (Sprint IX: "|||||||||||||||||||||||||||||").
             The game lasted 00:03:36 (230 turns).

rftp080 the Destroyer (High Elf Air Elementalist)    Turns: 230, Time: 00:03:37

Health: -9/50      AC:  3    Str:  7    XL:     7   Next: 11%
Magic:  13/17      EV: 19    Int: 20    God:    Sif Muna [**....]
Gold:   0          SH:  0    Dex: 17    Spells: 3 memorised, 13 levels left

rFire  . . .     SeeInvis .     (no weapon)
rCold  . . .     Gourm    .     u - troll hide
rNeg   . . .     Faith    .     (no shield)
rPois  .         Spirit   .     (no helmet)
rElec  .         Dismiss  .     q - +0 cloak
rCorr  .         Reflect  .     (no gloves)
SustAt .         Harm     .     (no boots)
MR     .....     NoTele   +     (no amulet)
Stlth  ++........               t - +2 ring of evasion
                                s - +2 ring of evasion

@: sluggish, very slightly contaminated, repel missiles, very slow, not
resistant to hostile enchantments, unstealthy
A: no striking features
a: Channel Energy, Renounce Religion


You were in the Dungeon.
You worshipped Sif Muna.
Sif Muna was pleased with you.
You were not hungry.

You visited 1 branch

Inventory:

Hand Weapons
 f - a +0 whip
 o - a +0 lajatang of venom
 p - a +2 scimitar of holy wrath
 v - a +2 spear of pain
Armour
 a - a +0 robe
 q - a +0 cloak (worn)
 r - a +2 ring mail
 u - a troll hide (worn)
 w - a +0 shield
Magical Staves
 n - an uncursed staff of energy
Jewellery
 s - a +2 ring of evasion (left hand)
 t - a +2 ring of evasion (right hand)
Wands
 m - a wand of iceblast (7/15)
Scrolls
 i - 2 scrolls of blinking
 k - 3 scrolls of remove curse
 l - 2 scrolls of amnesia
Potions
 d - 5 potions of curing
 e - 3 potions of heal wounds
 g - 2 potions of magic
 h - a potion of berserk rage
Books
 b - a book of Air

   Spells                             Type                      Level
   a - Shock                          Conjuration/Air              1
   b - Swiftness                      Charms/Air                   2
   c - Repel Missiles                 Charms/Air                   2
   d - Static Discharge               Conjuration/Air              3
   e - Lightning Bolt                 Conjuration/Air              5
Comestibles
 c - a bread ration
 j - 15 chunks of flesh


   Skills:
 + Level 5.1 Fighting
 + Level 4.6 Armour
 + Level 6.3 Dodging
 - Level 2.1 Stealth
 + Level 6.3 Spellcasting
 * Level 8.3 Conjurations
 + Level 7.4 Air Magic
 * Level 6.1 Invocations


You had 13 spell levels left.
You knew the following spells:

 Your Spells              Type           Power        Failure   Level  Hunger
a - Shock                 Conj/Air       ####         1%          1    None
b - Repel Missiles        Chrm/Air       ###...       6%          2    None
c - Swiftness             Chrm/Air       ###.....     6%          2    None


Dungeon Overview and Level Annotations

Branches:
Dungeon (1/1)

Altars:
Cheibriados
Dithmenos
Elyvilon
Fedhas
Gozag
Kikubaaqudgha
Makhleb
Nemelex Xobeh
Okawaru
Pakellas
Qazlal
Ru
Sif Muna
Trog
Vehumet
Xom
Yredelemnul
Zin
The Shining One
Beogh
Jiyva
Lugonu


Message History

The hill giant hits you with a giant club!
Casting: Shock
Confirm with . or Enter, or press ? or * to list all spells.
Aiming: Shock
Press: ? - help, Shift-Dir - straight line, f/p - hill giant
Aim: a hill giant, wielding a giant club (moderately wounded)
The zap hits the hill giant.
The hill giant is moderately wounded.
The zap hits the jackal skeleton.
You destroy the jackal skeleton!
The hill giant closely misses you.
Casting: Shock
Confirm with . or Enter, or press ? or * to list all spells.
Aiming: Shock
Press: ? - help, Shift-Dir - straight line, f/p - hill giant
Aim: a hill giant, wielding a giant club (moderately wounded)
The zap misses the hill giant.
The hill giant hits you with a giant club!!
Ouch! That really hurt!
You die...

▓_▓
▓_▓
▓_▓
▓_▓
▓_▓
▓_▓
▓_▓
▓_▓
▓@▓
▓C▓
▓_▓
▓_▓
▓_▓
▓_▓
▓'▓
▓.▓
▓.▓


You could see a hill giant.

Vanquished Creatures
  A troll (D)
  A hippogriff (D)
  A water moccasin (D)
  A gnoll sergeant (D)
  A hound (D)
  An adder (D)
  3 giant geckos (D)
  An orc (D)
  A bat (D)
  A giant cockroach (D)
  A giant gecko skeleton (D)
  A giant newt (D)
  A jackal skeleton (D)
  A kobold (D)
  A rat (D)
17 creatures vanquished.

Notes
Turn   | Place    | Note
--------------------------------------------------------------
     0 | D        | rftp080 the High Elf Air Elementalist began the quest for the Orb.
     0 | D        | Reached XP level 1. HP: 11/11 MP: 4/4
     5 | D        | Reached skill level 2 in Conjurations
    38 | D        | Noticed a hound
    42 | D        | Reached skill level 1 in Fighting
    42 | D        | Reached skill level 1 in Armour
    42 | D        | Reached XP level 2. HP: 18/18 MP: 2/6
    44 | D        | Reached skill level 3 in Conjurations
    44 | D        | Reached XP level 3. HP: 24/24 MP: 0/9
    46 | D        | Reached skill level 4 in Conjurations
    59 | D        | Found a glowing silver altar of Zin.
    59 | D        | Found a glowing golden altar of the Shining One.
    59 | D        | Found an ancient bone altar of Kikubaaqudgha.
    59 | D        | Found a basalt altar of Yredelemnul.
    59 | D        | Found a shimmering altar of Xom.
    59 | D        | Found a radiant altar of Vehumet.
    60 | D        | Found an iron altar of Okawaru.
    61 | D        | Found a burning altar of Makhleb.
    62 | D        | Found a deep blue altar of Sif Muna.
    63 | D        | Found a bloodstained altar of Trog.
    64 | D        | Found a sparkling altar of Nemelex Xobeh.
    65 | D        | Found a white marble altar of Elyvilon.
    66 | D        | Found a roughly hewn altar of Beogh.
    67 | D        | Found a viscous altar of Jiyva.
    68 | D        | Found a corrupted altar of Lugonu.
    69 | D        | Found a blossoming altar of Fedhas.
    70 | D        | Found a snail-covered altar of Cheibriados.
    73 | D        | Found a shadowy altar of Dithmenos.
    76 | D        | Became a worshipper of Sif Muna the Loreminder
    79 | D        | Found a stormy altar of Qazlal.
    80 | D        | Found an opulent altar of Gozag.
    81 | D        | Found a sacrificial altar of Ru.
    82 | D        | Found an oddly glowing altar of Pakellas.
   122 | D        | Learned a level 2 spell: Repel Missiles
   125 | D        | Learned a level 2 spell: Swiftness
   145 | D        | Noticed a gnoll sergeant
   145 | D        | Noticed a water moccasin
   145 | D        | Noticed a troll
   145 | D        | Noticed a hippogriff
   157 | D        | Killed a gnoll sergeant
   157 | D        | Reached skill level 5 in Conjurations
   157 | D        | Reached skill level 5 in Air Magic
   157 | D        | Reached XP level 4. HP: 31/31 MP: 0/11
   160 | D        | Killed a water moccasin
   160 | D        | Reached * piety under Sif Muna
   160 | D        | Reached skill level 5 in Dodging
   160 | D        | Reached skill level 5 in Spellcasting
   160 | D        | Reached skill level 6 in Conjurations
   160 | D        | Reached XP level 5. HP: 37/37 MP: 9/13
   165 | D        | Killed a troll
   165 | D        | Reached ** piety under Sif Muna
   165 | D        | Reached skill level 7 in Conjurations
   165 | D        | Reached skill level 5 in Invocations
   165 | D        | Reached XP level 6. HP: 44/45 MP: 4/16
   167 | D        | Killed a hippogriff
   167 | D        | Reached skill level 5 in Fighting
   167 | D        | Reached skill level 8 in Conjurations
   167 | D        | Reached XP level 7. HP: 49/50 MP: 3/17
   197 | D        | Noticed a hill giant
   197 | D        | Noticed a yak
   197 | D        | Noticed a catoblepas
   197 | D        | Noticed a cyclops
   230 | D        | Mangled by a hill giant

Skill      XL: |  1  2  3  4  5  6 |
---------------+-------------------+-----
Conjurations   | 2 3 5 6 7 8 |  8.3
Air Magic      | 4 5 6 7 |  7.4
Fighting       | 1 2 3 4 5 |  5.1
Armour         | 1 2 3 4 |  4.6
Dodging        | 3 4 5 6 |  6.3
Spellcasting   | 3 4 5 6 |  6.3
Invocations    | 3 5 6 |  6.1
Stealth        | |  2.1

Action                   |  1- 3 |  4- 6 |  7- 9 || total
-------------------------+-------+-------+-------++-------
 Cast: Shock             |    17 |     9 |     5 ||    31
       Repel Missiles    |     1 |       |       ||     1
       Swiftness         |       |       |     1 ||     1
Invok: Channel Energy    |       |       |     3 ||     3
  Use: Potion            |     3 |     1 |       ||     4
Armor: Robe              |     1 |       |       ||     1
Dodge: Dodged            |     5 |     9 |     1 ||    15
